 Dungeon Crawl Stone Soup version 0.31-a0-176-g91f28db67f (webtiles) character file.

Game seed: 17049573173917079755

1871 Pixllover the Cleaver (level 8, -3/73 HPs)
             Began as a Minotaur Berserker on June 18, 2023.
             Was an Elder of Trog.
             Slain by a gnoll
             ... wielding a +0 spear of venom
              (5 damage)
             ... on level 4 of the Dungeon.
             The game lasted 00:16:57 (4569 turns).

Pixllover the Cleaver (Minotaur Berserker)          Turns: 4569, Time: 00:17:00

Health: -3/73      AC: 14    Str: 25    XL:     8   Next: 90%
Magic:  7/7        EV:  9    Int:  4    God:    Trog [****..]
Gold:   219        SH:  0    Dex:  9    Spells: 7/7 levels left

rFire   . . .        s - +0 war axe
rCold   . . .        (no shield)
rNeg    . . .        h - +1 chain mail
rPois   .            (helmet restricted)
rElec   .            o - +2 cloak
rCorr   .            (no gloves)
SInv    .            (no boots)
Will    .....        c - amulet of regeneration Stlth
                     (no ring)
HPRegen 1.12/turn    (no ring)
MPRegen 0.10/turn

%: no passive effects
@: lethally poisoned (-3 -> -12), on berserk cooldown, slowed, very slow
A: horns 2, retaliatory headbutt
a: Renounce Religion, Berserk, Trog's Hand, Brothers in Arms


You were on level 4 of the Dungeon.
You worshipped Trog.
Trog was greatly pleased with you.
You visited 1 branch of the dungeon, and saw 5 of its levels.

You collected 219 gold pieces.

Inventory:

Hand Weapons
 s - a +0 war axe (weapon)
Missiles
 j - 31 poisoned darts (quivered)
 m - 8 boomerangs
Armour
 h - a +1 chain mail (worn)
 o - a +2 cloak (worn)
Jewellery
 c - an amulet of regeneration (around neck)
Wands
 u - a wand of flame (29)
Scrolls
 a - a scroll of fog
 d - 3 scrolls of teleportation
 i - 2 scrolls of fear
 k - a scroll of identify
 p - a scroll of enchant armour
 t - a scroll of amnesia {unknown}
 x - 2 scrolls of poison
Potions
 b - 3 potions of heal wounds
 e - a potion of attraction {unknown}
 f - 2 potions of haste
 g - 2 potions of curing
 l - a potion of resistance {unknown}
 n - a potion of brilliance {unknown}
 q - a potion of lignification {unknown}
 r - a potion of might {unknown}


   Skills:
 + Level 7.4 Fighting
 + Level 10.4 Axes
 + Level 1.0 Throwing
 + Level 6.4 Armour
 + Level 3.7 Dodging
 + Level 0.7 Stealth


You had 7 spell levels left.
You didn't know any spells.
Your spell library was empty.

Dungeon Overview and Level Annotations

Branches:
Dungeon (5/15)
 Temple: D:4-7

Altars:
Sif Muna

Annotations:
D:4 1 transporter


Innate Abilities, Weirdness & Mutations

You have a pair of horns on your head.
You reflexively headbutt those who attack you in melee.


Message History

The gnoll hits you from afar with a +0 spear of venom.
* * * LOW HITPOINT WARNING * * *
You are more poisoned.
You miss niknal's ghost.
Niknal's ghost is moderately damaged.
You feel very sick.
You slash niknal's ghost!
Niknal's ghost is almost destroyed.
You feel very sick. The gnoll completely misses you.
Niknal's ghost hits you but does no damage.
The gnoll hits you but does no damage.
You are more poisoned.
You slash niknal's ghost!
You destroy niknal's ghost!
Trog accepts your kill.
Trog appreciates your killing of a magic user.
You feel very sick. The gnoll closely misses you.
The gnoll hits you from afar with a +0 spear of venom.
* * * LOW HITPOINT WARNING * * *
You are lethally poisoned!
* * * LOW HITPOINT WARNING * * *
You feel very sick.
You feel a strong urge to attack something.
* * * LOW HITPOINT WARNING * * *
You feel very sick. The gnoll barely misses you. You furiously retaliate!
You headbutt the gnoll! You slash the gnoll!
You kill the gnoll!
Trog accepts your kill.
* * * LOW HITPOINT WARNING * * *
You feel very sick.
You are no longer berserk.
You are exhausted.
You feel yourself slow down.
* * * LOW HITPOINT WARNING * * *
You feel very sick.
The gnoll hits you from afar with a +0 spear of venom.
You die...

≈≈#####...........#####≈≈..#
≈≈#..g#.###.©.###.#...#≈≈..#
≈≈#...###g#####©###...#≈≈..#
≈≈###.........).....###≈≈..#
≈≈.8#.######'###'##.#8.≈≈..#
≈≈.##.#..=#8).#...#.##.≈≈..#
~~.#Wg'..:#⌠©.g...'..#.~~.##
≈≈.##.#$.$#8..#...#.##.≈≈.#
≈≈.8# ## ###'###@##.#8.≈≈.#
≈≈###...............###≈≈.#
≈≈#...###.#####.###...#≈≈)#
≈≈#...#.###.©.###.#...#≈≈.#
≈≈#####...........#####≈≈.#
≈≈≈≈≈≈≈≈≈≈≈...≈≈≈≈≈≈≈≈≈≈≈.#
≈≈≈≈≈≈≈≈≈≈≈...≈≈≈≈≈≈≈≈≈≈≈.#
..................[)......#
................###########


You could see 2 gnolls.

Vanquished Creatures
  Pikel (D:5)
  The ghost of niknal the Vexing, an amateur SpEn (D:4)
  A sky beast (D:4)
  3 ogres (D:5)
  A centaur (D:5)
  A phantom (D:5)
  2 scorpions (D:5)
  A jelly (D:5)
  3 orc priests
  2 hounds (D:5)
  A sleepcap (D:5)
  3 iguanas
  4 orc wizards
  4 gnolls
  7 adders
  2 white imps (D:5)
  A worm (D:5)
  3 dart slugs
  23 orcs
  6 bats
  4 endoplasms
  3 giant cockroaches
  4 goblins
  13 hobgoblins
  13 jackals
  7 kobolds
  6 quokkas
  8 ball pythons
  2 frilled lizards (D:1)
  4 rats (D:1)
134 creatures vanquished.

Vanquished Creatures (others)
  An orc wizard (D:5)
1 creature vanquished.

Grand Total: 135 creatures vanquished

Notes
Turn   | Place    | Note
-------+----------+-------------------------------------------
     0 | D:1      | Pixllover the Minotaur Berserker began the quest for the
                  | Orb.
     0 | D:1      | Reached XP level 1. HP: 19/19 MP: 0/0
    39 | D:1      | Reached skill level 4 in Axes
    39 | D:1      | Reached XP level 2. HP: 23/27 MP: 1/1
   536 | D:1      | Reached XP level 3. HP: 33/33 MP: 2/2
   973 | D:2      | Identified the +2 robe of the Battered Places {Dex+2}
  1217 | D:2      | Reached skill level 5 in Axes
  1234 | D:2      | Reached XP level 4. HP: 39/41 MP: 3/3
  1427 | D:2      | Reached ** piety under Trog
  2392 | D:3      | Reached XP level 5. HP: 44/47 MP: 4/4
  2815 | D:4      | Reached *** piety under Trog
  2819 | D:4      | Reached skill level 5 in Fighting
  2918 | D:4      | Noticed a sky beast
  2927 | D:4      | Noticed niknal's ghost (amateur SpEn)
  2928 | D:4      | Killed a sky beast
  2929 | D:4      | Reached skill level 6 in Axes
  2929 | D:4      | Reached XP level 6. HP: 56/56 MP: 5/5
  2989 | D:4      | Found a transporter.
  3198 | D:4      | Found a transporter.
  3365 | D:5      | Entered Level 5 of the Dungeon
  3375 | D:5      | Reached skill level 7 in Axes
  3398 | D:5      | Reached XP level 7. HP: 53/62 MP: 6/6
  3554 | D:5      | Reached skill level 8 in Axes
  3767 | D:5      | Reached **** piety under Trog
  3768 | D:5      | Reached skill level 5 in Armour
  3947 | D:5      | Noticed Pikel
  3959 | D:5      | Killed Pikel
  3960 | D:5      | Reached skill level 9 in Axes
  3960 | D:5      | Reached XP level 8. HP: 37/71 MP: 7/7
  4042 | D:5      | Found a shimmering blue altar of Sif Muna.
  4158 | D:5      | Reached skill level 1 in Throwing
  4174 | D:5      | Reached skill level 10 in Axes
  4565 | D:4      | Killed niknal's ghost
  4569 | D:4      | HP: 2/73 [poisoned by a gnoll]
  4569 | D:4      | Slain by a gnoll

Illustrated notes

Levels and vault maps discovered:
D:1:      minmay_arrival_four_circles, layout_basic, minmay_domino_2
D:2:      layout_basic, dk_noncrumbling_3
D:3:      layout_loops_ring
D:4:      layout_rooms, gammafunk_ghost_gnarly_gnolls
D:5:      layout_loops_ring, kennysheep_orc_sif_temple, hangedman_glass_teeth,
          palyth_stone_intersect, uniq_pikel

Skill      XL: |  1  2  3  4  5  6  7  8 |
---------------+-------------------------+-----
Fighting       | 4 5 6 7 |  7.4
Axes           | 4 5 6 7 9 10 | 10.4
Armour         | 3 4 5 6 |  6.4
Dodging        | 3 |  3.7
Throwing       | 1 |  1.0
Stealth        | |  0.7

Action                     |  1- 3 |  4- 6 |  7- 9 || total
---------------------------+-------+-------+-------++-------
  Melee: Hand axe          |    65 |    77 |       ||   142
         Headbutt          |    11 |    22 |    16 ||    49
         War axe           |       |   115 |   122 ||   237
         Punch             |       |     1 |     1 ||     2
  Throw: Dart              |       |     1 |       ||     1
 Invoke: Berserk           |       |       |     1 ||     1
    Use: Scroll            |       |     6 |     5 ||    11
         Potion            |       |       |     1 ||     1
 Armour: Animal skin       |     1 |       |       ||     1
         Ring mail         |    17 |       |       ||    17
         Chain mail        |    20 |   115 |    84 ||   219
  Dodge: Dodged            |    41 |    87 |    39 ||   167

Table legend: (Time is in decaauts)
 A = Elapsed time spent in this place.
 B = Non-inter-level travel time spent in this place.
 C = Inter-level travel time spent in this place.
 D = Time resting spent in this place.
 E = Time spent auto-exploring this place.
 F = Levels seen in this place.
 G = Mean time per level.
                   A        B        C        D        E       F      G
               +--------+--------+--------+--------+--------+-----+--------+
         Total |   4613 |   4492 |    121 |     84 |   2479 |   5 |  922.6 |
       Dungeon |   4613 |   4492 |    121 |     84 |   2479 |   5 |  922.6 |
               +--------+--------+--------+--------+--------+-----+--------+

Top non-repeatable levels by time:
     D:5: 1126 daAuts
     D:2: 1017 daAuts
     D:1: 900 daAuts
     D:4: 814 daAuts
     D:3: 754 daAuts
